 Dungeon Crawl Stone Soup version 0.29.1-12-g30fa7ad0bf (webtiles) character file.

Game seed: 13805500286722054615

501 styxcanada the Covered (level 6, -3/55 (56) HPs)
             Began as a Minotaur Fighter on Dec 18, 2022.
             Slain by Edmund
             ... wielding a +1 dire flail of protection
              (14 damage)
             ... on level 4 of the Dungeon.
             The game lasted 00:12:14 (3491 turns).

styxcanada the Covered (Minotaur Fighter)           Turns: 3491, Time: 00:12:15

HP:   -3/55 (56)    AC:  7    Str: 22    XL:     6   Next: 95%
MP:   5/5           EV:  9    Int:  5    God:
Gold: 244           SH:  5    Dex: 10    Spells: 5/5 levels left

rFire   . . .      SeeInvis .   a - +2 war axe
rCold   . . .      Faith    .   c - +0 buckler
rNeg    . . .      Spirit   .   b - +0 scale mail
rPois   .          Reflect  .   (helmet restricted)
rElec   .          Harm     .   (no cloak)
rCorr   .          Rampage  .   (no gloves)
Will    .....                   (no boots)
Stlth   ..........              (no amulet)
HPRegen 0.18/turn               (no ring)
MPRegen 0.09/turn               (no ring)

@: mighty, studying Shields, lightly drained
A: horns 2, retaliatory headbutt
a: no special abilities


You were on level 4 of the Dungeon.
You visited 1 branch of the dungeon, and saw 4 of its levels.

You collected 244 gold pieces.

Inventory:

Hand Weapons
 a - a +2 war axe (weapon)
 g - a +1 sling of freezing
 o - a +4 short sword
Missiles
 l - 47 stones (quivered)
Armour
 b - a +0 scale mail (worn)
 c - a +0 buckler (worn)
Wands
 i - a wand of paralysis (2)
Scrolls
 k - 2 scrolls of poison
 n - a scroll of teleportation
 p - a scroll of enchant armour {unknown}
 q - a scroll of enchant weapon
 r - a scroll of amnesia
 s - a scroll of acquirement
Potions
 d - a potion of might
 e - a potion of heal wounds
 f - a potion of lignification {unknown}
 h - a potion of cancellation {unknown}
 j - 4 potions of curing
 m - a potion of mutation


   Skills:
 * Level 5.4 Fighting
 + Level 5.1 Axes
 * Level 6.1 Armour
 + Level 1.0 Dodging
 * Level 5.7 Shields


You had 5 spell levels left.
You didn't know any spells.
Your spell library contained the following spells:

 Spells                   Type           Power      Damage    Failure   Level
 Animate Dead             Necr           0%         N/A       100%        4
 Fulminant Prism          Conj/Hex       0%         3d6       100%        4
 Iskenderun's Mystic Bla  Conj/Tloc      0%         2d3       100%        4
 Lee's Rapid Deconstruct  Erth           0%         3d5*      100%        5
 Haunt                    Necr/Summ      0%         N/A       100%        7
 Infestation              Necr           0%         N/A       100%        8


Dungeon Overview and Level Annotations

Branches:
Dungeon (4/15)
 Temple: D:4-7

Altars:
Ashenzari

Shops:
D:1 (

Annotations:
D:4 Edmund, Sigmund


Innate Abilities, Weirdness & Mutations

You have a pair of horns on your head.
You reflexively headbutt those who attack you in melee.


Message History

Edmund hits you with a +1 dire flail of protection.
You miss something. You headbutt something. You hit Edmund but do no damage.
Something hits you.
Edmund hits you with a +1 dire flail of protection.
Unknown command.
You closely miss something. Your headbutt misses something.
You closely miss Edmund. Something hits you but does no damage.
Edmund hits you with a +1 dire flail of protection.
You closely miss something. You headbutt something.
You hit Edmund but do no damage.
Edmund hits you with a +1 dire flail of protection!
* * * LOW HITPOINT WARNING * * *
Something hits you but does no damage. Edmund closely misses you.
You furiously retaliate!
You headbutt Edmund, but do no damage.
Unknown command.
You feel much better.
Edmund hits you with a +1 dire flail of protection.
You hear some strange, mumbled words.
A magic dart appears from out of thin air!
The magic dart hits you.
You feel very mighty all of a sudden. Something hits you.
Edmund hits you with a +1 dire flail of protection!
You hit Edmund but do no damage. Your headbutt misses Edmund.
Edmund is moderately wounded.
You closely miss something.
Edmund hits you with a +1 dire flail of protection.
Something hits you.
* * * LOW HITPOINT WARNING * * *
You closely miss Edmund. You headbutt Edmund, but do no damage.
Edmund is moderately wounded.
You barely miss something. Edmund closely misses you.
Unknown command.
You slash Edmund! Your headbutt misses Edmund.
Edmund is heavily wounded.
You miss something. Something hits you.
* * * LOW HITPOINT WARNING * * *
Edmund closely misses you.
Edmund hits you with a +1 dire flail of protection!
You die...

#.#.####.P......#
#.#.#. #..P.....#
#...#..#####....#
##..#.. ..#.#.##
#..#.## ..#.#.#
#..#..##.##.#.#
#..#..)#..#.#.#
#..#..##..#...#
#..#...@{.#..##
#.....@#..#..#
#......#..#..#
##.#...#~~#..#
#.#...####..#
#.#...# #..#
#.#...# #..#
#.#.... #..#
#.#)#... #..#


You could see Edmund.

Vanquished Creatures
  Grinder (D:3)
  A necrophage (D:2)
  2 jellies (D:3)
  Jessica (D:3)
  Ijyb (D:3)
  Robin (D:2)
  An adder (D:3)
  2 worms
  3 dart slugs
  5 orcs (D:3)
  A bat (D:1)
  15 endoplasms
  A giant cockroach (D:3)
  13 goblins
  9 hobgoblins
  8 kobolds
  5 quokkas
  6 ball pythons
  5 frilled lizards
  5 rats
86 creatures vanquished.

Vanquished Creatures (others)
  4 fungi (D:3)
  5 toadstools (D:3)
9 creatures vanquished.

Grand Total: 95 creatures vanquished

Notes
Turn   | Place    | Note
-------+----------+-------------------------------------------
     0 | D:1      | styxcanada the Minotaur Fighter began the quest for the
                  | Orb.
     0 | D:1      | Reached XP level 1. HP: 19/19 MP: 0/0
   355 | D:1      | Reached XP level 2. HP: 27/27 MP: 1/1
   532 | D:1      | Found Tudehuu's Antique Weapon Emporium.
   786 | D:1      | Reached skill level 4 in Armour
   858 | D:2      | Noticed a necrophage
   869 | D:2      | Killed a necrophage
   870 | D:2      | Reached XP level 3. HP: 20/34 MP: 2/2
   870 | D:2      | Reached XP level 4. HP: 24/41 MP: 3/3
  1246 | D:2      | Identified a scroll of acquirement
  1246 | D:2      | Acquired a manual of Shields
  1366 | D:2      | Noticed Robin
  1417 | D:2      | Killed Robin
  1655 | D:2      | Found a broken altar of Ashenzari.
  1752 | D:2      | Reached skill level 5 in Armour
  2176 | D:3      | Noticed Grinder
  2180 | D:3      | Paralysed by Grinder for 4 turns
  2194 | D:3      | Paralysed by Grinder for 5 turns
  2202 | D:3      | Paralysed by Grinder for 2 turns
  2204 | D:3      | Killed Grinder
  2205 | D:3      | Reached skill level 5 in Fighting
  2205 | D:3      | Reached skill level 5 in Shields
  2205 | D:3      | Reached XP level 5. HP: 33/48 MP: 4/4
  2205 | D:3      | Reached XP level 6. HP: 38/56 MP: 5/5
  2325 | D:3      | Reached skill level 1 in Dodging
  2428 | D:3      | Noticed Jessica
  2432 | D:3      | Killed Jessica
  2577 | D:3      | Noticed Ijyb
  2580 | D:3      | Paralysed by Ijyb for 4 turns
  2587 | D:3      | Paralysed by Ijyb for 3 turns
  2591 | D:3      | Killed Ijyb
  2783 | D:3      | Reached skill level 6 in Armour
  2810 | D:3      | Identified the +0 leather armour of Diciupun {rC- Int+5}
  3054 | D:3      | Reached skill level 5 in Axes
  3475 | D:4      | Noticed Edmund
  3475 | D:4      | Noticed Sigmund
  3491 | D:4      | Slain by Edmund

Illustrated notes

Levels and vault maps discovered:
D:1:      nzn_arrival_depleted_hourglass, layout_loops_corners, serial_shops,
          nicolae_shop_statue_plus
D:2:      layout_loops_ring, basic_altar, uniq_robin
D:3:      cheibrodos_fertilizer, layout_basic, minmay_misc_feat_rugged,
          uniq_grinder, uniq_jessica, uniq_ijyb
D:4:      layout_basic, minmay_temple_entry_wispy, cheibrodos_sewer_entry_bend,
          roderic_roman_lattice, abandoned_shop, sigmund_edmund_badplayer

Skill      XL: |  1  2  3  4  5  6 |
---------------+-------------------+-----
Fighting       | 4 5 |  5.4
Shields        | 4 5 |  5.7
Armour         | 4 5 6 |  6.1
Axes           | 3 4 5 |  5.1
Dodging        | 1 |  1.0

Action                   |  1- 3 |  4- 6 || total
-------------------------+-------+-------++-------
Melee: War axe           |    39 |   135 ||   174
       Headbutt          |     8 |    18 ||    26
  Use: Scroll            |       |    15 ||    15
       Potion            |       |     3 ||     3
Armor: Scale mail        |    16 |    64 ||    80
Dodge: Dodged            |     5 |    68 ||    73
Block: Buckler           |     6 |    24 ||    30
